 Dungeon Crawl Stone Soup version 0.27-b1-16-g6517624069 (webtiles) character file.

Game seed: 11301617829983856618

415 RascalDebosk the Purveyor of Pain (level 6, 0/32 HPs)
             Began as a Deep Elf Necromancer on July 27, 2021.
             Was an Initiate of Kikubaaqudgha.
             Slain by a sky beast (5 damage)
             ... on level 5 of the Dungeon.
             The game lasted 00:25:58 (5407 turns).

RascalDebosk the Purveyor of Pain (DENe)            Turns: 5407, Time: 00:25:59

Health: 0/32       AC:  3    Str:  5    XL:     6   Next: 60%
Magic:  20/25      EV: 14    Int: 22    God:    Kikubaaqudgha [......]
Gold:   195        SH:  0    Dex: 15    Spells: 6/15 levels left

rFire    . . .     SeeInvis .   n - +0 mace (protect)
rCold    . . .     Faith    .   (no shield)
rNeg     . . .     Spirit   .   a - +1 robe
rPois    .         Reflect  .   (no helmet)
rElec    .         Harm     .   (no cloak)
rCorr    .         Rampage  .   (no gloves)
Will     .....                  (no boots)
Stlth    +++.......             (no amulet)
HPRegen  0.10/turn              g - ring of magical power
MPRegen  0.19/turn              (no ring)

@: no status effects
A: no striking features
a: Renounce Religion


You were on level 5 of the Dungeon.
You worshipped Kikubaaqudgha.
Kikubaaqudgha was noncommittal.
You visited 1 branch of the dungeon, and saw 5 of its levels.

You collected 195 gold pieces.

Inventory:

Hand Weapons
 b - a +0 dagger
 n - a +0 mace of protection (weapon)
 q - a +0 flail
Missiles
 i - 7 atropa-tipped darts
Armour
 a - a +1 robe (worn)
 e - a +1 chain mail of cold resistance
 l - a +2 kite shield
Magical Staves
 c - a staff of cold
Jewellery
 g - a ring of magical power (left hand)
 h - a ring of positive energy
Scrolls
 o - a scroll of fear
Potions
 d - a potion of invisibility
 f - a potion of curing
 j - a potion of might
 k - a potion of cancellation
 m - a potion of flight
 p - a potion of heal wounds


   Skills:
 + Level 4.7 Dodging
 + Level 5.0 Stealth
 + Level 5.3 Spellcasting
 + Level 6.4 Necromancy


You had 6 spell levels left.
You knew the following spells:

 Your Spells              Type           Power      Damage    Failure   Level
a - Pain                  Necr           100%       1d9       1%          1
b - Animate Skeleton      Necr           68%        N/A       1%          1
c - Vampiric Draining     Necr           17%        2d8       1%          3
d - Animate Dead          Necr           17%        N/A       7%          4

Your spell library contained the following spells:

 Spells                   Type           Power      Damage    Failure   Level
 Agony                    Necr           34%        N/A       19%         5


Dungeon Overview and Level Annotations

Branches:
Dungeon (5/15)
 Temple: D:4-7

Altars:
Gozag
Kikubaaqudgha
Nemelex Xobeh
Uskayaw
Wu Jian
Zin

Shops:
D:1 =


Message History

Press: ? - help, Shift-Dir - straight line, f/p - sky beast
Aim: a sky beast (heavily wounded, chance to affect: 84%)
The sky beast writhes in agony.
The sky beast hits you. The sky beast shocks you.
You barely miss the sky beast.
The sky beast is heavily wounded.
The sky beast hits you. The sky beast shocks you.
You completely miss the sky beast.
The sky beast is heavily wounded.
The sky beast barely misses you. The sky beast misses you.
You feel better. The sky beast closely misses you.
Casting: Pain (safe; 1% risk of failure)
Confirm with . or Enter, or press ? or * to list all spells.
Aiming: Pain (safe; 1% risk of failure)
Press: ? - help, Shift-Dir - straight line, f/p - sky beast
Aim: a sky beast (heavily wounded, chance to affect: 84%)
The sky beast writhes in agony.
The sky beast hits you. The sky beast shocks you.
Casting: Pain (safe; 1% risk of failure)
Confirm with . or Enter, or press ? or * to list all spells.
Aiming: Pain (safe; 1% risk of failure)
Press: ? - help, Shift-Dir - straight line, f/p - sky beast
Aim: a sky beast (severely wounded, chance to affect: 84%)
The sky beast writhes in agony.
The sky beast misses you.
Casting: Pain (safe; 1% risk of failure)
Confirm with . or Enter, or press ? or * to list all spells.
Aiming: Pain (safe; 1% risk of failure)
Press: ? - help, Shift-Dir - straight line, f/p - sky beast
Aim: a sky beast (almost dead, chance to affect: 84%)
The sky beast barely resists.
The sky beast closely misses you.
Casting: Pain (safe; 1% risk of failure)
Confirm with . or Enter, or press ? or * to list all spells.
Aiming: Pain (safe; 1% risk of failure)
Press: ? - help, Shift-Dir - straight line, f/p - sky beast
Aim: a sky beast (almost dead, chance to affect: 84%)
The sky beast barely resists.
The sky beast hits you.
* * * LOW HITPOINT WARNING * * *
The sky beast shocks you.
You die...
Kikubaaqudgha rasps: "You have failed me!
Welcome... death!"

#....##.....
##........#
##......##.
##....##..
#........
#........
##........
##!..####..
#Y@### .
#..## .....
.......
.......
##.....
#(....
#.....


You could see a sky beast.

Vanquished Creatures
  2 black bears
  Blork the orc (D:4)
  A hound (D:4)
  Natasha (twice) (D:2)
  2 hound skeletons
  A worm (D:2)
  3 orcs (D:5)
  4 ball pythons
  8 endoplasms
  A giant cockroach (D:1)
  5 goblins
  6 hobgoblins
  3 jackals (D:4)
  9 kobolds
  5 quokkas
  3 frilled lizards (D:2)
  6 rats
62 creatures vanquished.

Vanquished Creatures (collateral kills)
  A rat (D:3)
1 creature vanquished.

Grand Total: 63 creatures vanquished

Notes
Turn   | Place    | Note
-------+----------+-------------------------------------------
     0 | D:1      | RascalDebosk the Deep Elf Necromancer began the quest for
                  | the Orb.
     0 | D:1      | Reached XP level 1. HP: 10/10 MP: 6/6
    47 | D:1      | Reached skill level 5 in Necromancy
   297 | D:1      | Reached XP level 2. HP: 10/15 MP: 2/8
   541 | D:1      | Found Onaowk's Jewellery Boutique.
  1570 | D:2      | Reached XP level 3. HP: 13/19 MP: 3/9
  1845 | D:2      | Noticed Natasha
  1869 | D:2      | Killed Natasha
  2381 | D:2      | Noticed Natasha
  2390 | D:2      | Killed Natasha
  2391 | D:2      | Reached XP level 4. HP: 19/24 MP: 12/12
  3231 | D:3      | Found a hide-covered altar of Uskayaw.
  3231 | D:3      | Found a glowing silver altar of Zin.
  3231 | D:3      | Found an ornate altar of the Wu Jian Council.
  3324 | D:3      | Found an ancient bone altar of Kikubaaqudgha.
  3331 | D:3      | Became a worshipper of Kikubaaqudgha
  3334 | D:3      | Learned a level 1 spell: Animate Skeleton
  3338 | D:3      | Learned a level 3 spell: Vampiric Draining
  3343 | D:3      | Learned a level 4 spell: Animate Dead
  3633 | D:3      | Found a sparkling altar of Nemelex Xobeh.
  3633 | D:3      | Found an opulent altar of Gozag.
  4074 | D:4      | Reached XP level 5. HP: 21/28 MP: 13/13
  4186 | D:4      | Noticed Blork the orc
  4200 | D:4      | Killed Blork the orc
  4201 | D:4      | Reached skill level 6 in Necromancy
  4622 | D:4      | Noticed a black bear
  4636 | D:4      | Killed a black bear
  4637 | D:4      | Reached skill level 5 in Spellcasting
  4637 | D:4      | Reached XP level 6. HP: 13/32 MP: 15/15
  5150 | D:5      | Entered Level 5 of the Dungeon
  5342 | D:5      | Reached skill level 5 in Stealth
  5393 | D:5      | Noticed a sky beast
  5407 | D:5      | Slain by a sky beast

Illustrated notes

Levels and vault maps discovered:
D:1:      moated_graveyard_arrival, layout_loops_corners, serial_shops,
          nicolae_shop_temple_entry_statues_fountains
D:2:      layout_basic, uniq_natasha
D:3:      layout_loops_ring, grunt_temple_overflow_opulence,
          mainiacjoe_overflow_24_doors, gammafunk_temple_overflow_claw
D:4:      layout_basic, uniq_blork_the_orc
D:5:      layout_layer_cave, minmay_diced_spiral, uniq_crazy_yiuf_cottage

Skill      XL: |  1  2  3  4  5  6 |
---------------+-------------------+-----
Necromancy     | 5 6 |  6.4
Dodging        | 3 4 |  4.7
Stealth        | 3 4 5 |  5.0
Spellcasting   | 4 5 |  5.3

Action                   |  1- 3 |  4- 6 || total
-------------------------+-------+-------++-------
Melee: Unarmed           |       |    39 ||    39
       Mace              |       |    12 ||    12
 Cast: Pain              |    63 |    75 ||   138
       Animate Dead      |       |     2 ||     2
  Use: Scroll            |     3 |     6 ||     9
       Potion            |     2 |     5 ||     7
Armor: Robe              |     2 |    20 ||    22
Dodge: Dodged            |     7 |    71 ||    78
